TOP OF THE 1ST |
Red Deer Wranglers batting - Pitching for Bismark Border Guards : RHP Miguel Valenzuela
|
Pitching: RHP Miguel Valenzuela
|
|
Batting: RHB Tom Rowe
|
0-0: Fly out, F3 (Popup, 13)
|
Batting: RHB Paul Swift
|
0-0: Ball 1-0: Ball 2-0: Ball 3-0: Called Strike 3-1: Base on Balls
|
Batting: LHB Greg Nelson
|
0-0: Foul Ball, location: 2F 0-1: Foul Ball, location: 2F 0-2: Ball 1-2: Strikes out swinging
|
Batting: RHB Todd Bryant
|
0-0: Called Strike 0-1: Called Strike 0-2: Foul Ball, location: 2F 0-2: Ground out 4-3 (Groundball, 4)
|
Top of the 1st over - 0 run(s), 0 hit(s), 0 error(s), 1 left on base; Red Deer 0 - Bismark 0 |
BOTTOM OF THE 1ST |
Bismark Border Guards batting - Pitching for Red Deer Wranglers : RHP Ron Chapman
|
Pitching: RHP Ron Chapman
|
|
Batting: RHB Edward Melton
|
0-0: Ball 1-0: Fly out, F3 (Popup, 34)
|
Batting: LHB Rusty Herbert
|
0-0: Ball 1-0: SINGLE (Line Drive, 34)
|
Batting: RHB Enrico Rodríguez
|
0-0: Ball 1-0: Ball 2-0: Called Strike 2-1: Called Strike 2-2: Foul Ball, location: 2F 2-2: Foul Ball, location: 2F 2-2: Strikes out swinging
|
Batting: RHB Mike Wright
|
0-0: Called Strike 0-1: Fly out, F7 (Flyball, 7LD)
|
Bottom of the 1st over - 0 run(s), 1 hit(s), 0 error(s), 1 left on base; Red Deer 0 - Bismark 0 |
TOP OF THE 2ND |
Red Deer Wranglers batting - Pitching for Bismark Border Guards : RHP Miguel Valenzuela
|
Batting: LHB Enrico Vargas
|
0-0: Ball 1-0: Called Strike 1-1: Foul Ball, location: 2F 1-2: DOUBLE (Flyball, 7LS)
|
Batting: LHB Del Kennedy
|
0-0: Ball 1-0: Foul Ball, location: 2F 1-1: Ball 2-1: Called Strike 2-2: Ground out U3 (Groundball, 3L) Enrico Vargas to third
|
Batting: RHB Carlos Peña
|
0-0: Ball 1-0: Ball 2-0: Foul Ball, location: 2F 2-1: Ground out 5-3 (Groundball, 5L)
|
Batting: LHB Andrew Veeck
|
0-0: Ball 1-0: Called Strike 1-1: Ball 2-1: Ball 3-1: Called Strike 3-2: Strikes out swinging
|
Top of the 2nd over - 0 run(s), 1 hit(s), 0 error(s), 1 left on base; Red Deer 0 - Bismark 0 |
BOTTOM OF THE 2ND |
Bismark Border Guards batting - Pitching for Red Deer Wranglers : RHP Ron Chapman
|
Batting: LHB Norbert Mosley
|
0-0: Ball 1-0: Ball 2-0: Fly out, F7 (Flyball, 7LM)
|
Batting: RHB Trent Rasmussen
|
0-0: Ball 1-0: Ball 2-0: Ball 3-0: Base on Balls
|
Batting: RHB Danny Spode
|
0-0: Swinging Strike 0-1: Foul Ball, location: 2F 0-2: Strikes out looking
|
Batting: SHB Vicente Pagán
|
0-0: Ball 1-0: Called Strike 1-1: Ball 2-1: Swinging Strike 2-2: Ball 3-2: Foul Ball, location: 2F 3-2: Foul Ball, location: 2F 3-2: Ground out 4-3 (Groundball, 4M)
|
Bottom of the 2nd over - 0 run(s), 0 hit(s), 0 error(s), 1 left on base; Red Deer 0 - Bismark 0 |
TOP OF THE 3RD |
Red Deer Wranglers batting - Pitching for Bismark Border Guards : RHP Miguel Valenzuela
|
Batting: RHB Juan Carlos Alfonzo
|
0-0: Called Strike 0-1: Ground out 3-1 (Groundball, 34)
|
Batting: RHB Tom Rowe
|
0-0: Ball 1-0: Ball 2-0: Foul Ball, location: 2F 2-1: Foul Ball, location: 2F 2-2: Foul Ball, location: 2F 2-2: Foul Ball, location: 2F 2-2: Strikes out swinging
|
Batting: RHB Paul Swift
|
0-0: Foul Ball, location: 2F 0-1: Ball 1-1: Ball 2-1: Swinging Strike 2-2: Ball 3-2: Strikes out swinging
|
Top of the 3rd over - 0 run(s), 0 hit(s), 0 error(s), 0 left on base; Red Deer 0 - Bismark 0 |
BOTTOM OF THE 3RD |
Bismark Border Guards batting - Pitching for Red Deer Wranglers : RHP Ron Chapman
|
Batting: RHB Jorge Montoya
|
0-0: Ball 1-0: SINGLE (Groundball, 6MD)
|
Batting: RHB Edward Melton
|
0-0: Ball 1-0: Foul Ball, location: 2F 1-1: 2-RUN HOME RUN (Line Drive, 7D), Distance : 387 ft
|
Batting: LHB Rusty Herbert
|
0-0: SOLO HOME RUN (Line Drive, 89XD), Distance : 421 ft
|
Batting: RHB Enrico Rodríguez
|
0-0: Ball 1-0: Fly out, F8 (Flyball, 8LM)
|
Batting: RHB Mike Wright
|
0-0: Foul Ball, location: 2F 0-1: Foul Ball, location: 2F 0-2: Ground out 6-3 (Groundball, 6)
|
Batting: LHB Norbert Mosley
|
0-0: Called Strike 0-1: Swinging Strike 0-2: Strikes out swinging
|
Bottom of the 3rd over - 3 run(s), 3 hit(s), 0 error(s), 0 left on base; Red Deer 0 - Bismark 3 |
TOP OF THE 4TH |
Red Deer Wranglers batting - Pitching for Bismark Border Guards : RHP Miguel Valenzuela
|
Batting: LHB Greg Nelson
|
0-0: Swinging Strike 0-1: DOUBLE (Groundball, 5L)
|
Batting: RHB Todd Bryant
|
0-0: Called Strike 0-1: Foul Ball, location: 2F 0-2: Ball 1-2: Foul Ball, location: 2F 1-2: Foul Ball, location: 2F 1-2: Strikes out swinging
|
Batting: LHB Enrico Vargas
|
0-0: Called Strike 0-1: Called Strike 0-2: Ball 1-2: Fly out, F7 (Flyball, 7M)
|
Batting: LHB Del Kennedy
|
0-0: Ball 1-0: Foul Ball, location: 2F 1-1: Fly out, F8 (Flyball, 8LD)
|
Top of the 4th over - 0 run(s), 1 hit(s), 0 error(s), 1 left on base; Red Deer 0 - Bismark 3 |
BOTTOM OF THE 4TH |
Bismark Border Guards batting - Pitching for Red Deer Wranglers : RHP Ron Chapman
|
Batting: RHB Trent Rasmussen
|
0-0: Swinging Strike 0-1: Foul Ball, location: 2F 0-2: Ball 1-2: Ball 2-2: Foul Ball, location: 2F 2-2: Ground out 5-3 (Groundball, 56)
|
Batting: RHB Danny Spode
|
0-0: Ball 1-0: Called Strike 1-1: Ground out 6-3 (Groundball, 6)
|
Batting: SHB Vicente Pagán
|
0-0: Ball 1-0: Ball 2-0: Called Strike 2-1: Foul Ball, location: 2F 2-2: Ball 3-2: Base on Balls
|
Batting: RHB Jorge Montoya
|
0-0: Ball Vicente Pagán steals 2nd base 1-0: SINGLE (Line Drive, 9LS) Vicente Pagán to third Runner from 3rd tries for Home, SAFE, no throw or cutoff
|
Batting: RHB Edward Melton
|
0-0: Swinging Strike 0-1: Foul Ball, location: 2F 0-2: Fly out, F9 (Flyball, 89M)
|
Bottom of the 4th over - 1 run(s), 1 hit(s), 0 error(s), 1 left on base; Red Deer 0 - Bismark 4 |
TOP OF THE 5TH |
Red Deer Wranglers batting - Pitching for Bismark Border Guards : RHP Miguel Valenzuela
|
Batting: RHB Carlos Peña
|
0-0: Ball 1-0: Ball 2-0: Foul Ball, location: 2F 2-1: Swinging Strike 2-2: Ball 3-2: Strikes out swinging
|
Batting: LHB Andrew Veeck
|
0-0: Ball 1-0: Ball 2-0: Called Strike 2-1: Fly out, F7 (Flyball, 7LM)
|
Batting: RHB Juan Carlos Alfonzo
|
0-0: Fly out, F9 (Flyball, 9M)
|
Top of the 5th over - 0 run(s), 0 hit(s), 0 error(s), 0 left on base; Red Deer 0 - Bismark 4 |
BOTTOM OF THE 5TH |
Bismark Border Guards batting - Pitching for Red Deer Wranglers : RHP Ron Chapman
|
Batting: LHB Rusty Herbert
|
0-0: Ball 1-0: Ground out 6-3 (Groundball, 6)
|
Batting: RHB Enrico Rodríguez
|
0-0: Called Strike 0-1: Ball 1-1: Ball 2-1: Swinging Strike 2-2: Ground out 5-3 (Groundball, 5)
|
Batting: RHB Mike Wright
|
0-0: Ground out 6-3 (Groundball, 56)
|
Bottom of the 5th over - 0 run(s), 0 hit(s), 0 error(s), 0 left on base; Red Deer 0 - Bismark 4 |
TOP OF THE 6TH |
Red Deer Wranglers batting - Pitching for Bismark Border Guards : RHP Miguel Valenzuela
|
Batting: RHB Tom Rowe
|
0-0: Ball 1-0: Ball 2-0: Ball 3-0: Called Strike 3-1: SINGLE (Line Drive, 34D)
|
Batting: RHB Paul Swift
|
0-0: Ball Tom Rowe steals 2nd base 1-0: Fly out, F7 (Line Drive, 7D) Runner from 2nd tags up, SAFE at 3rd, no throw
|
Batting: LHB Greg Nelson
|
0-0: Ball 1-0: Ball 2-0: Ball 3-0: Called Strike 3-1: Base on Balls
|
Batting: RHB Todd Bryant
|
0-0: Ball 1-0: Fielders Choice at 2nd, 6-4 (Groundball, 6) Tom Rowe scores
|
Batting: LHB Enrico Vargas
|
0-0: Reached on error, E3 (Groundball, 34) Todd Bryant to second
|
Batting: LHB Del Kennedy
|
0-0: Called Strike 0-1: Ball 1-1: Ball 2-1: Fly out, F9 (Flyball, 89D)
|
Top of the 6th over - 1 run(s), 1 hit(s), 1 error(s), 2 left on base; Red Deer 1 - Bismark 4 |
BOTTOM OF THE 6TH |
Bismark Border Guards batting - Pitching for Red Deer Wranglers : RHP Ron Chapman
|
Batting: LHB Norbert Mosley
|
0-0: Ball 1-0: DOUBLE (Flyball, 9LM)
|
Batting: RHB Trent Rasmussen
|
0-0: Intentional Walk
|
Batting: RHB Danny Spode
|
0-0: Called Strike 0-1: Ball 1-1: Foul Ball, location: 2F 1-2: Ball 2-2: Strikes out looking
|
Batting: SHB Vicente Pagán
|
0-0: Ball 1-0: Ball 2-0: Called Strike 2-1: Ball 3-1: Called Strike 3-2: Foul Ball, location: 2F Single, Error in OF, E9, batter to second base Norbert Mosley scores Trent Rasmussen to third
|
Batting: RHB Jorge Montoya
|
0-0: Ground out 6-3 (Groundball, 6) Trent Rasmussen scores Vicente Pagán to third
|
Batting: RHB Edward Melton
|
0-0: Called Strike 0-1: Ball Wild Pitch! Vicente Pagán scores 1-1: Ball 2-1: Ball 3-1: Base on Balls
|
Pitching: RHP Russell Cooper
|
|
Batting: LHB Rusty Herbert
|
0-0: Ball 1-0: Ball 2-0: Fly out, F6 (Popup, 6)
|
Bottom of the 6th over - 3 run(s), 2 hit(s), 1 error(s), 1 left on base; Red Deer 1 - Bismark 7 |
TOP OF THE 7TH |
Red Deer Wranglers batting - Pitching for Bismark Border Guards : RHP Miguel Valenzuela
|
Now at SS: Reynaldo Slomp
|
|
Batting: RHB Carlos Peña
|
0-0: Ball 1-0: Ball 2-0: Swinging Strike 2-1: Ball 3-1: Foul Ball, location: 2F 3-2: Base on Balls
|
Pitching: RHP Bartolo Rivera
|
|
Batting: LHB Andrew Veeck
|
0-0: Called Strike 0-1: SINGLE (Groundball, 56D) Carlos Peña to second
|
Batting: RHB Juan Carlos Alfonzo
|
0-0: Ball 1-0: Ball 2-0: Grounds into double play, 6-4-3 (Groundball, 6M) Carlos Peña to third
|
Batting: RHB Tom Rowe
|
0-0: Ball 1-0: Swinging Strike 1-1: Fly out, F9 (Flyball, 89M)
|
Top of the 7th over - 0 run(s), 1 hit(s), 0 error(s), 1 left on base; Red Deer 1 - Bismark 7 |
BOTTOM OF THE 7TH |
Bismark Border Guards batting - Pitching for Red Deer Wranglers : RHP Russell Cooper
|
Batting: RHB Enrico Rodríguez
|
0-0: Ball 1-0: Ball 2-0: Ball 3-0: Base on Balls
|
Batting: RHB Mike Wright
|
0-0: Ball 1-0: Ball 2-0: Ball 3-0: Base on Balls Enrico Rodríguez to second
|
Batting: LHB Norbert Mosley
|
0-0: Called Strike 0-1: 3-RUN HOME RUN (Flyball, 7LD), Distance : 369 ft
|
Pitching: RHP Ray Kimball
|
|
Batting: RHB Trent Rasmussen
|
0-0: Foul Ball, location: 2F 0-1: Hit by Pitch
|
Batting: RHB Danny Spode
|
0-0: Called Strike 0-1: Ball 1-1: Ball 2-1: Foul Ball, location: 2F 2-2: Ball 3-2: SINGLE (Line Drive, 56D) Trent Rasmussen to second
|
Batting: SHB Vicente Pagán
|
0-0: Bunted foul 0-1: Sac Bunt - play at first, batter OUT! 2-4 Trent Rasmussen to third Danny Spode to second
|
Batting: RHB Jorge Montoya
|
0-0: SINGLE (Groundball, 6MD) Trent Rasmussen scores Danny Spode to third Runner from 3rd tries for Home, throw and OUT! Jorge Montoya to second
|
Batting: RHB Reynaldo Slomp
|
0-0: Swinging Strike 0-1: Foul Ball, location: 2F 0-2: Foul Ball, location: 2F 0-2: Ball 1-2: Foul Ball, location: 2F 1-2: Ground out 1-3 (Groundball, 13S)
|
Bottom of the 7th over - 4 run(s), 3 hit(s), 0 error(s), 1 left on base; Red Deer 1 - Bismark 11 |
TOP OF THE 8TH |
Red Deer Wranglers batting - Pitching for Bismark Border Guards : RHP Bartolo Rivera
|
Now at C: Alejandro Ramos
|
|
Batting: RHB Paul Swift
|
0-0: Ball 1-0: Called Strike 1-1: Ball 2-1: Ball 3-1: Foul Ball, location: 2F 3-2: SINGLE (Groundball, 6M)
|
Batting: LHB Greg Nelson
|
0-0: Swinging Strike 0-1: Foul Ball, location: 2F 0-2: Ball 1-2: Strikes out swinging
|
Batting: RHB Todd Bryant
|
0-0: Ball 1-0: Fly out, F8 (Flyball, 89XD)
|
Batting: LHB Enrico Vargas
|
0-0: Called Strike 0-1: Ground out 5-3 (Groundball, 5S)
|
Top of the 8th over - 0 run(s), 1 hit(s), 0 error(s), 1 left on base; Red Deer 1 - Bismark 11 |
BOTTOM OF THE 8TH |
Bismark Border Guards batting - Pitching for Red Deer Wranglers : RHP Ray Kimball
|
Batting: LHB Rusty Herbert
|
0-0: Ball 1-0: Swinging Strike 1-1: Fly out, F6 (Popup, 56D)
|
Batting: RHB Enrico Rodríguez
|
0-0: Foul Ball, location: 2F 0-1: Swinging Strike 0-2: Strikes out swinging
|
Batting: RHB Mike Wright
|
0-0: SOLO HOME RUN (Flyball, 8RXD), Distance : 424 ft
|
Batting: LHB Norbert Mosley
|
0-0: Ball 1-0: Swinging Strike 1-1: Swinging Strike 1-2: SOLO HOME RUN (Flyball, 9D), Distance : 381 ft
|
Batting: RHB Alejandro Ramos
|
0-0: Called Strike 0-1: Ball 1-1: Ground out 6-3 (Groundball, 56)
|
Bottom of the 8th over - 2 run(s), 2 hit(s), 0 error(s), 0 left on base; Red Deer 1 - Bismark 13 |
TOP OF THE 9TH |
Red Deer Wranglers batting - Pitching for Bismark Border Guards : RHP Bartolo Rivera
|
Batting: LHB Del Kennedy
|
0-0: Ball 1-0: DOUBLE (Line Drive, 7LM)
|
Batting: RHB Carlos Peña
|
0-0: Fly out, F6 (Popup, 6MS)
|
Batting: LHB Andrew Veeck
|
0-0: Ball 1-0: Ball 2-0: Called Strike 2-1: Ball 3-1: Base on Balls
|
Batting: RHB Juan Carlos Alfonzo
|
0-0: Ball 1-0: Called Strike 1-1: Ball 2-1: Fly out, F8 (Flyball, 8RM)
|
Batting: RHB Tom Rowe
|
0-0: Ball 1-0: Called Strike 1-1: Swinging Strike 1-2: Strikes out swinging
|
Top of the 9th over - 0 run(s), 1 hit(s), 0 error(s), 2 left on base; Red Deer 1 - Bismark 13 |
|